 Dungeon Crawl Stone Soup version 0.23.0-3-gf3c87f2 (webtiles) character file.

Game seed: 8671523783080710816

443 DarkinPup the Shield-Bearer (level 7, -1/55 HPs)
             Began as a Formicid Fighter on Feb 22, 2019.
             Succumbed to an orc wizard's poison
             ... on level 4 of the Dungeon.
             The game lasted 00:04:55 (3347 turns).

DarkinPup the Shield-Bearer (Formicid Fighter)      Turns: 3347, Time: 00:04:56

Health: -1/55      AC:  8    Str: 21    XL:     7   Next: 23%
Magic:  7/7        EV:  9    Int:  7    God:
Gold:   75         SH: 10    Dex: 12    Spells: 6/6 levels left

rFire    . . .     SeeInvis +   a - +0 long sword
rCold    . . .     Gourm    .   c - +0 shield
rNeg     . . .     Faith    .   b - +0 scale mail
rPois    .         Spirit   .   (helmet unavailable)
rElec    .         Reflect  .   (no cloak)
rCorr    .         Harm     .   m - +0 pair of gloves
MR       .....                  (no boots)
Stlth    ..........             u - amulet of magic regeneration
HPRegen  0.18/turn              (no ring)
MPRegen  0.35/turn              (no ring)

@: lethally poisoned (-1 -> -29)
A: permanent stasis, dig shafts and tunnels, four strong arms, antennae 3
a: Dig, Shaft Self


You were on level 4 of the Dungeon.
You were not hungry.

You visited 1 branch of the dungeon, and saw 4 of its levels.

You collected 75 gold pieces.

Inventory:

Hand Weapons
 a - a +0 long sword (weapon)
Armour
 b - a +0 scale mail (worn)
 c - a +0 shield (worn)
 m - a +0 pair of gloves (worn)
 v - a +1 leather armour of positive energy
Jewellery
 u - an amulet of magic regeneration (around neck)
Scrolls
 e - 2 scrolls of remove curse
 g - a scroll of amnesia {unknown}
 h - a scroll of immolation {unknown}
 i - 2 scrolls of teleportation {unknown}
 l - a scroll of random uselessness {unknown}
 o - a scroll of fear {unknown}
 q - a scroll of fog {unknown}
 s - 2 scrolls of identify {unknown}
Potions
 d - 3 potions of might
 j - a potion of flight {unknown}
 k - a potion of heal wounds {unknown}
 n - a potion of degeneration {unknown}
 p - 2 potions of berserk rage
 r - a potion of curing {unknown}
 t - 2 potions of invisibility {unknown}
Comestibles
 f - 2 rations


   Skills:
 + Level 4.6 Fighting
 * Level 4.5 Long Blades
 + Level 4.5 Armour
 - Level 2.1 Dodging
 + Level 4.9 Shields


You had 6 spell levels left.
You didn't know any spells.
Your spell library was empty.

Dungeon Overview and Level Annotations

Branches:
Dungeon (4/15)
 Temple: D:4-7

Altars:


Innate Abilities, Weirdness & Mutations

You cannot be hasted, slowed, berserked, paralysed or teleported.
You can dig through walls and to a lower floor.
Your four strong arms can wield two-handed weapons with a shield.
You have a pair of large antennae on your head. (SInv)


Message History

* * * LOW HITPOINT WARNING * * *
You feel very sick. You block the orc wizard's attack.
The orc priest barely misses you.
You hit the orc priest but do no damage.
The orc priest is moderately wounded.
* * * LOW HITPOINT WARNING * * *
You feel very sick. The orc wizard barely misses you.
You block the orc wizard's attack. The orc priest hits you with a +0 mace.
* * * LOW HITPOINT WARNING * * *
You slash the orc priest!
The orc priest is almost dead.
* * * LOW HITPOINT WARNING * * *
You feel very sick. You block the orc wizard's attack.
The orc priest calls upon Beogh to heal the orc.
The orc's wounds heal themselves!
You hit the orc priest.
You kill the orc priest!
You die...

..### { {{ ##..... {
....... { ....... {
....... ##### #########
o...... #....
........##)...... #....
.........@oo..... #....
........############ #....
#######..†....#....###....
#######.#...........
#.#....##.....
#.#....##.....
#.#....##.....
####.###.###.....
#........# #.##.(


You could see an orc wizard and 2 orcs.

Vanquished Creatures
  2 phantoms
  A scorpion (D:4)
  An orc wizard (D:4)
  An orc priest (D:4)
  3 gnolls (D:4)
  3 adders
  A worm (D:4)
  2 dart slugs (D:2)
  3 leopard geckos
  2 orcs (D:3)
  2 ball pythons
  5 bats
  5 giant cockroaches
  7 goblins
  7 hobgoblins
  8 jackals (D:1)
  8 frilled lizards
  13 kobolds
  6 rats
80 creatures vanquished.

Notes
Turn   | Place    | Note
-------+----------+-------------------------------------------
     0 | D:1      | DarkinPup the Formicid Fighter began the quest for the Orb.
     0 | D:1      | Reached XP level 1. HP: 18/18 MP: 1/1
   181 | D:1      | Reached XP level 2. HP: 23/24 MP: 2/2
   198 | D:1      | Reached skill level 1 in Dodging
   224 | D:1      | Reached XP level 3. HP: 29/29 MP: 3/3
   988 | D:2      | Reached XP level 4. HP: 35/37 MP: 4/4
  2024 | D:3      | Reached XP level 5. HP: 41/42 MP: 5/5
  2392 | D:4      | Noticed a phantom
  2415 | D:4      | Noticed a phantom
  2649 | D:3      | Killed a phantom
  2649 | D:3      | Reached XP level 6. HP: 37/48 MP: 6/6
  2880 | D:4      | Killed a phantom
  3033 | D:4      | Reached XP level 7. HP: 29/55 MP: 7/7
  3346 | D:4      | HP: 2/55 [poisoned by an orc wizard]
  3347 | D:4      | Succumbed to an orc wizard's poison

Skill      XL: |  1  2  3  4  5  6 |
---------------+-------------------+-----
Dodging        | 1 2 |  2.1
Long Blades    | 3 4 |  4.5
Shields        | 4 |  4.9
Fighting       | 4 |  4.6
Armour         | 4 |  4.5

Action                   |  1- 3 |  4- 6 |  7- 9 || total
-------------------------+-------+-------+-------++-------
Melee: Long sword        |   122 |   188 |    27 ||   337
  Use: Scroll            |       |     1 |       ||     1
  Eat: Chunk             |       |     5 |       ||     5
       Ration            |       |     1 |       ||     1
Armor: Scale mail        |    56 |    64 |     6 ||   126
Dodge: Dodged            |    39 |    57 |    10 ||   106
Block: Shield            |    80 |    92 |    19 ||   191
       Rpst.: Long sword |    11 |    16 |     3 ||    30
